 Dungeon Crawl Stone Soup version 0.30-a0-168-g0b976cbdc4 (webtiles) character file.

Game seed: 17796638804655697198

44 qw the Shield-Bearer (level 3, -1/23 HPs)
             Began as a Gargoyle Fighter on Sept 29, 2022.
             Slain by Sigmund
             ... wielding a +0 scythe
              (3 damage)
             ... on level 2 of the Dungeon.
             The game lasted 00:00:23 (1038 turns).

qw the Shield-Bearer (Gargoyle Fighter)             Turns: 1038, Time: 00:00:23

Health: -1/23      AC: 10    Str: 21    XL:     3   Next: 60%
Magic:  3/3        EV:  9    Int:  8    God:
Gold:   48         SH:  5    Dex: 15    Spells: 2/2 levels left

rFire   . . .      SeeInvis .    Y - +0 war axe
rCold   . . .      Faith    .    c - +0 buckler
rNeg    + . .      Spirit   .    b - +0 scale mail
rPois   inf        Reflect  .    (no helmet)
rElec   +          Harm     .    (no cloak)
rCorr   .          Rampage  .    (no gloves)
Will    .....                    (no boots)
Stlth   ..........               (no amulet)
HPRegen 0.07/turn                j - +6 ring of dexterity
MPRegen 0.08/turn                (no ring)

@: no status effects
A: sickness immunity, AC +3, negative energy resistance 1, electricity
resistance, torment resistance 1, petrification resistance
a: no special abilities


You were on level 2 of the Dungeon.
You visited 1 branch of the dungeon, and saw 2 of its levels.

You collected 48 gold pieces.


Innate Abilities, Weirdness & Mutations

You are immune to sickness and miasma.
Your stone body is resilient. (AC +3)
You are immune to poison.
You resist negative energy. (rN+)
You are resistant to electric shocks. (rElec)
You are resistant to unholy torment.
You are immune to petrification.


   Skills:
 - Level 3.2 Fighting
 + Level 3.2 Axes
 - Level 3.2 Armour
 - Level 1.0 Dodging
 - Level 3.2 Shields


You had 2 spell levels left.
You didn't know any spells.
Your spell library was empty.

Inventory:

Hand Weapons
 e - a +0 whip
 Y - a +0 war axe (weapon)
Missiles
 l - 2 boomerangs (quivered)
Armour
 b - a +0 scale mail (worn)
 c - a +0 buckler (worn)
Jewellery
 a - a ring of willpower
 j - a +6 ring of dexterity (left hand)
Scrolls
 i - a scroll of identify
Potions
 d - a potion of might
 f - a potion of lignification
 k - a potion of haste {unknown}

Dungeon Overview and Level Annotations

Branches:
Dungeon (2/15)

Altars:

Annotations:
D:2 Sigmund


Message History

There is an open door here.
A rat comes into view.
Throw: 2 boomerangs
Press: ? - help, Q - select action Shift-Dir - straight line, f - rat You throw a boomerang.
The boomerang closely misses the rat.
You slash the rat!
You kill the rat!
Sigmund and a quokka come into view.
Sigmund shouts!
You barely miss the quokka. Sigmund looks at you with fury.
Sigmund barely misses you. The quokka closely misses you.
You barely miss the quokka. The quokka barely misses you.
Sigmund mumbles some strange words.
Sigmund flickers and vanishes!
Deactivating autopickup; reactivate with Ctrl-A.
The quokka bites you.
You hit the quokka but do no damage. Something hits you.
The quokka bites you but does no damage.
You hit the quokka.
The quokka is heavily wounded.
The quokka barely misses you. Something hits you!
You block the quokka's attack.
You hit the quokka but do no damage.
The quokka is heavily wounded.
The quokka closely misses you. Something hits you.
The quokka bites you but does no damage.
You slash the quokka!
You kill the quokka!
Something hits you. Something hits you but does no damage.
You closely miss something. Something hits you.
You hit something. You slash something! Something hits you but does no damage.
You miss something. Something hits you.
You die...

############
...........#
...........#
...........#
.....!.....#
.......{...#
.......@...#
......%.!..#
...........##
###.#.###...#
#####.#.###.#.#
..>#.#.#...#.#
#.#.#)#.### #
#######.....#.#
..............#


There were no monsters in sight!

Vanquished Creatures
  An adder (D:2)
  A dart slug (D:1)
  7 endoplasms
  A giant cockroach (D:2)
  A goblin (D:1)
  2 hobgoblins (D:1)
  4 quokkas
  4 ball pythons
  A bat (D:2)
  2 frilled lizards (D:1)
  3 kobolds (D:1)
  3 rats
30 creatures vanquished.

Notes
Turn   | Place    | Note
-------+----------+-------------------------------------------
     0 | D:1      | qw the Gargoyle Fighter began the quest for the Orb.
     0 | D:1      | Reached XP level 1. HP: 14/14 MP: 1/1
     0 | D:1      | 0 ||| qw: Version: 0.2-a-12-gaebbb33
     0 | D:1      | 0 ||| qw: Game counter: 1245
     0 | D:1      | 0 ||| qw: Always use a shield: true
     0 | D:1      | 0 ||| qw: God list: Okawaru
     0 | D:1      | 0 ||| qw: Allow faded altars: false
     0 | D:1      | 0 ||| qw: Do Orc after D:15 true
     0 | D:1      | 0 ||| qw: Do second Lair branch before Depths: true
     0 | D:1      | 0 ||| qw: Lair rune preference: random
     0 | D:1      | 0 ||| qw: Plans: Normal, Zot:1-4, God:TSO, Crypt, Tomb,
                  | Pan, Slime:5, Hells, Abyss, Orb
     0 | D:1      | 0 ||| PLANNING D:1-11
    19 | D:1      | 19 ||| Stepping ~*~*~tactically~*~*~ (stealth).
   101 | D:1      | Reached XP level 2. HP: 19/19 MP: 2/2
   270 | D:1      | 270 ||| Stepping ~*~*~tactically~*~*~ (stealth).
   355 | D:1      | Reached skill level 3 in Axes
   496 | D:1      | Reached XP level 3. HP: 23/23 MP: 3/3
   719 | D:1      | 719 ||| DROPPING scarf of harm.
   720 | D:1      | 720 ||| UPGRADING to +6 ring of dexterity.
   721 | D:1      | 721 ||| READING scroll labelled MISHRI SYZEPUA.
   722 | D:1      | 722 ||| READING scroll labelled YWABBEDDUATU.
   723 | D:1      | 723 ||| READING 3 scrolls labelled JIRAYCLUIDWO.
   724 | D:1      | 724 ||| READING 2 scrolls of identify.
   724 | D:1      | 724 ||| IDENTIFYING white potion
   883 | D:2      | Reached skill level 1 in Dodging
  1025 | D:2      | Noticed Sigmund
  1032 | D:2      | HP: 4/23 [something (3)]
  1038 | D:2      | Slain by Sigmund

Levels and vault maps discovered:
D:1:      saegor_arrival_under_anarchy, layout_basic
D:2:      layout_basic, ebering_ecumenical_altar_mist, uniq_sigmund

Skill      XL: |  1  2  3 |
---------------+----------+-----
Axes           | 2 3 |  3.2
Dodging        | 1 |  1.0
Fighting       | |  3.2
Armour         | |  3.2
Shields        | |  3.2

Action                   || total
-------------------------++-------
Melee: War axe           ||    63
Throw: Boomerang         ||     9
  Use: Scroll            ||     4
Armor: Scale mail        ||    26
Dodge: Dodged            ||    27
Block: Buckler           ||     8

Table legend:
 A = Non-vault XP
 B = Vault XP
 C = Vault XP percentage of total XP
 D = Non-vault monster count
 E = Vault monster count
 F = Vault count percentage of total count
                 A         B        C        D         E       F
            +---------+---------+-------+---------+---------+-------
      Total |      63 |       0 |   0.0 |      30 |       0 |   0.0
            +---------+---------+-------+---------+---------+-------
        D:1 |      35 |       0 |   0.0 |      21 |       0 |   0.0
        D:2 |      28 |       0 |   0.0 |       9 |       0 |   0.0
            +---------+---------+-------+---------+---------+-------
